 Dungeon Crawl Stone Soup version 0.30.1-9-gdf580d7c3d (webtiles) character file.

Game seed: 2646104308310453588

3199 lonewolfV2 the Blocker (level 10, 0/80 HPs)
             Began as a Formicid Fighter on Oct 21, 2023.
             Was an Elder of Okawaru.
             Slain by a wolf (8 damage)
             ... led by Grum
             ... on level 8 of the Dungeon.
             The game lasted 00:13:27 (7343 turns).

lonewolfV2 the Blocker (Formicid Fighter)           Turns: 7343, Time: 00:13:28

Health: 0/80       AC: 14    Str: 25    XL:     10   Next: 17%
Magic:  10/10      EV:  8    Int:  8    God:    Okawaru [****..]
Gold:   439        SH:  7    Dex: 17    Spells: 9/9 levels left

rFire   + + .        f - +0 battleaxe of Broken Luck {freeze, Dex+4}
rCold   + . .        c - +0 buckler
rNeg    . . .        s - +4 chain mail
rPois   +            (helmet unavailable)
rElec   +            m - +0 cloak
rCorr   +            (no gloves)
SInv    +            (no boots)
Will    +....        (no amulet) Stlth
                     w - ring of protection from fire
HPRegen 0.33/turn    (no ring)
MPRegen 0.12/turn

%: no passive effects
@: resistant
A: permanent stasis, dig shafts and tunnels, antennae 3, four strong arms
a: Dig, Shaft Self, Renounce Religion, Heroism, Finesse


You were on level 8 of the Dungeon.
You worshipped Okawaru.
Okawaru was greatly pleased with you.
You visited 1 branch of the dungeon, and saw 8 of its levels.
You also visited: Sewer.

You collected 439 gold pieces.

Inventory:

Hand Weapons
 a - a +0 war axe
 f - the +0 battleaxe of Broken Luck (weapon) {freeze, Dex+4}
   (You acquired it on level 1 of the Dungeon)

   Dex:       It affects your dexterity (+4).
Armour
 c - a +0 buckler (worn)
 m - a +0 cloak (worn)
 s - a +4 chain mail (worn)
Jewellery
 w - a ring of protection from fire (left hand)
Wands
 o - a wand of paralysis (8)
 q - a wand of polymorph (7)
 u - a wand of iceblast (3)
Scrolls
 b - 2 scrolls of vulnerability
 i - a scroll of amnesia
Potions
 d - 2 potions of might
 e - a potion of invisibility
 g - 2 potions of mutation
 h - 3 potions of curing
 j - 2 potions of brilliance
 n - 3 potions of magic
 p - 3 potions of haste
 r - 3 potions of flight
 t - 3 potions of attraction
 v - a potion of lignification


   Skills:
 + Level 8.2 Fighting
 * Level 9.8 Axes
 - Level 3.5 Armour
 + Level 9.8 Shields


You had 9 spell levels left.
You didn't know any spells.
Your spell library contained the following spells:

 Spells                   Type           Power      Damage    Failure   Level
 Kiss of Death            Conj/Necr      0%         2d5       95%         1
 Confusing Touch          Hex            0%         N/A       100%        3
 Dazzling Flash           Conj/Hex       0%         N/A       100%        3
 Volatile Blastmotes      Fire/Tloc      0%         2d10      100%        3
 Dispel Undead            Necr           0%         3d6       100%        4
 Iskenderun's Mystic Bla  Conj/Tloc      0%         2d3       100%        4
 Olgreb's Toxic Radiance  Pois           0%         N/A       100%        4
 Starburst                Conj/Fire      0%         6d3       100%        6
 Discord                  Hex            0%         N/A       100%        8
 Ignition                 Fire           0%         3d3       100%        8


Dungeon Overview and Level Annotations

Branches:
Dungeon (8/15)             Temple (0/1) D:6           Sewer (visited)
   Lair: D:8-11

Altars:
Cheibriados
Dithmenos
Makhleb
Okawaru
Qazlal
Ru
Uskayaw
Xom
Zin


Innate Abilities, Weirdness & Mutations

You cannot be hasted, slowed, berserked, paralysed or teleported.
You can dig through walls and to a lower floor.
You have a pair of large antennae on your head. (SInv)
Your four strong arms can wield two-handed weapons with a shield.


Message History

a +0 whip; a gnoll corpse You barely miss Grum.
You closely miss the wolf. You hit the gnoll but do no damage.
You closely miss the sky beast. The wolf bites you! The wolf bites you.
The gnoll hits you but does no damage. The sky beast hits you.
The sky beast shocks you. You resist. You block Grum's attack.
You slice Grum!! You freeze Grum!
Grum is severely wounded.
You slash the gnoll! You freeze the gnoll.
You kill the gnoll!
Okawaru accepts your kill.
You slash the sky beast! You freeze the sky beast. You miss the wolf.
The wolf bites you but does no damage. The wolf closely misses you.
The sky beast hits you but does no damage.
You block Grum's attack.
You barely miss Grum.
Grum is severely wounded.
You barely miss the wolf. You closely miss the sky beast.
The wolf bites you but does no damage. You block the sky beast's attack.
The wolf bites you but does no damage. Grum hits you with a +1 spear!
* * * LOW HITPOINT WARNING * * *
You closely miss Grum.
Grum is severely wounded.
You miss the wolf. You slash the sky beast! You freeze the sky beast.
You kill the sky beast!
Okawaru accepts your kill. You block the wolf's attack.
Grum hits you with a +1 spear.
* * * LOW HITPOINT WARNING * * *
The wolf bites you but does no damage. You block Grum's attack.
You slash Grum! You freeze Grum.
You kill Grum!
Okawaru accepts your kill.
You hit the wolf but do no damage. The wolf bites you!
* * * LOW HITPOINT WARNING * * *
You block the wolf's attack. The wolf closely misses you.
Your life force feels restored.
You barely miss the wolf.
The wolf is lightly wounded.
The wolf bites you!
You die...

#.....#######...(.....#
##....######..#.#.#....
#.#<..)..............#
#..................#..
#......<..............
#....................#
#...>.......?......#.#
#...).)....#.#..#..#..
#...~@h......#.....##.
##..).).....##....##..
#............#.........
.................#..#...
.##...................#.
#.....................
#......)..... .#.....#
#..........(# ...>.###
###.. #


You could see a wolf.

Vanquished Creatures
  Grum (D:8)
  2 sky beasts
  3 ice beasts
  2 orc warriors (D:7)
  An ogre (D:6)
  2 black bears (D:6)
  A wolf (D:8)
  3 centaurs (D:8)
  A phantom (D:5)
  2 kobold brigands
  3 bullfrogs
  2 scorpions
  6 wights
  4 killer bees
  A vampire bat (D:5)
  2 jellies
  4 hounds
  A gnoll bouda (D:8)
  An orc priest (D:7)
  5 iguanas
  4 orc wizards
  9 gnolls
  10 adders
  2 shadow imps
  A white imp (D:7)
  An ufetubus (D:6)
  4 worms
  A dart slug (D:4)
  24 orcs
  6 ball pythons
  7 endoplasms
  6 giant cockroaches
  9 hobgoblins
  2 jackals (D:4)
  2 quokkas
  14 bats
  3 frilled lizards
  7 goblins
  22 kobolds
  6 rats
187 creatures vanquished.

Notes
Turn   | Place    | Note
-------+----------+-------------------------------------------
     0 | D:1      | lonewolfV2 the Formicid Fighter began the quest for the
                  | Orb.
     0 | D:1      | Reached XP level 1. HP: 18/18 MP: 1/1
    12 | D:1      | Noticed an electric eel
   197 | D:1      | Reached XP level 2. HP: 16/24 MP: 2/2
   467 | D:1      | Found a faded altar of an unknown god.
   541 | D:1      | You fall into a shaft and drop 1 floor!
   780 | D:1      | Identified a scroll of acquirement
   780 | D:1      | Acquired the +0 battleaxe of Broken Luck {freeze, Dex+4}
   894 | D:2      | Reached XP level 3. HP: 19/29 MP: 3/3
  1733 | D:3      | Reached XP level 4. HP: 37/37 MP: 4/4
  1807 | D:3      | Reached skill level 5 in Shields
  1807 | D:3      | Reached XP level 5. HP: 40/42 MP: 5/5
  1863 | D:3      | Found a hide-covered altar of Uskayaw.
  1945 | D:3      | Found an iron altar of Okawaru.
  2074 | D:3      | Became a worshipper of Warmaster Okawaru
  2619 | D:4      | Found a shimmering altar of Xom.
  2826 | D:4      | Found a sacrificial altar of Ru.
  3155 | D:5      | Entered Level 5 of the Dungeon
  3235 | D:5      | Reached XP level 6. HP: 37/49 MP: 6/6
  3433 | D:5      | Reached XP level 7. HP: 55/55 MP: 7/7
  3438 | D:5      | Reached skill level 5 in Fighting
  3441 | D:5      | Reached * piety under Okawaru
  3442 | D:5      | Reached skill level 5 in Axes
  3654 | D:5      | Found a glowing silver altar of Zin.
  3803 | D:5      | Reached XP level 8. HP: 61/63 MP: 8/8
  4151 | D:6      | Found a burning altar of Makhleb.
  4151 | D:6      | Noticed a green death
  4198 | D:6      | Reached ** piety under Okawaru
  4572 | D:6      | Found a glowing drain.
  4612 | Sewer    | Entered a sewer
  5011 | D:6      | Reached XP level 9. HP: 65/71 MP: 9/9
  5066 | D:6      | Found a shadowy altar of Dithmenos.
  5215 | D:6      | Found a staircase to the Ecumenical Temple.
  6107 | D:7      | Reached *** piety under Okawaru
  6181 | D:7      | Found a snail-covered altar of Cheibriados.
  6222 | D:7      | Found a stormy altar of Qazlal.
  6276 | D:7      | Identified the +2 dagger of Bakkah {flame, rPois Int+3}
  6369 | D:7      | Identified the +1 leather armour of Analysis {Harm rPois}
  7232 | D:8      | Reached XP level 10. HP: 61/72 MP: 10/10
  7280 | D:8      | Reached **** piety under Okawaru
  7318 | D:8      | Noticed Grum
  7342 | D:8      | Killed Grum
  7343 | D:8      | Slain by a wolf

Illustrated notes

Levels and vault maps discovered:
D:1:      arrival_aquarium_a, layout_basic,
          shapermc_ecumenical_altar_starsandcircs
D:2:      layout_loops_ring, kennysheep_boxes
D:3:      layout_basic, mainiacjoe_overflow_catwalk,
          nicolae_uskayaw_murder_on_the_dancefloor
D:4:      layout_loops_ring, marbit_many_paths, general_overflow_altar
D:5:      layout_gridville, amcnicky_altar_gilded, roderic_batcave
D:6:      layout_basic, makhleb_altar_promises_db, lemuel_round_altar,
          temple_doors_cd, gup_sewer_entry_glass
D:7:      layout_gridville, mainiacjoe_overflow_alcove_1,
          nicolae_qazlal_beasts_of_the_sky
D:8:      layout_rooms, serial_shops, kennysheep_little_box, uniq_grum

Skill      XL: |  1  2  3  4  5  6  7  8  9 10 |
---------------+-------------------------------+-----
Fighting       | 4 5 6 7 8 |  8.2
Axes           | 3 4 6 7 9 |  9.8
Shields        | 5 6 8 9 |  9.8
Armour         | |  3.5

Action                     |  1- 3 |  4- 6 |  7- 9 | 10-12 || total
---------------------------+-------+-------+-------+-------++-------
  Melee: War axe           |    54 |       |       |       ||    54
         Battleaxe         |    40 |    89 |   285 |    20 ||   434
 Invoke: Heroism           |       |       |     1 |       ||     1
    Use: Scroll            |     8 |     5 |     9 |       ||    22
         Potion            |       |       |       |     5 ||     5
 Armour: Scale mail        |    44 |       |       |       ||    44
         Chain mail        |    16 |    74 |   230 |    39 ||   359
  Dodge: Dodged            |    46 |    50 |   155 |    32 ||   283
  Block: Buckler           |    29 |    35 |   129 |    24 ||   217
